 Dungeon Crawl Stone Soup version 0.21-a0-154-gb5400c9 (webtiles) character file.

216 mgis the Bolt Thrower (level 5, 0/39 HPs)
             Began as a Demonspawn Hunter on Aug 2, 2017.
             Slain by Natasha (6 damage)
             ... on level 2 of the Dungeon.
             The game lasted 00:03:01 (2589 turns).

mgis the Bolt Thrower (Demonspawn Hunter)           Turns: 2589, Time: 00:03:02

Health: 0/39       AC:  7    Str: 20    XL:     5   Next: 61%
Magic:  5/5        EV: 11    Int: 12    God:
Gold:   86         SH:  4    Dex: 13    Spells: 4/4 levels left

rFire    + . .     SeeInvis .   q - +1 dagger (venom)
rCold    . . .     Gourm    .   (no shield)
rNeg     . . .     Faith    .   k - +0 ring mail
rPois    .         Spirit   .   (helmet restricted)
rElec    .         Reflect  .   g - +0 cloak
rCorr    .         Harm     .   j - +0 pair of gloves
MR       .....                  (no boots)
Stlth    +.........             (no amulet)
HPRegen  0.13/turn              r - ring of protection from fire
MPRegen  0.09/turn              l - +6 ring of strength

@: slowed, very slow
A: antennae 1, large bone plates 1, spiny 1
a: no special abilities


You were on level 2 of the Dungeon.
You were not hungry.

You visited 1 branch of the dungeon, and saw 2 of its levels.

You collected 86 gold pieces.

Inventory:

Hand Weapons
 a - a +1 hand crossbow
 q - a +1 dagger of venom (weapon)
Missiles
 d - 11 bolts
Armour
 c - a +0 leather armour
 g - a +0 cloak (worn)
 j - a +0 pair of gloves (worn)
 k - a +0 ring mail (worn)
Jewellery
 h - an uncursed ring of wizardry
 l - a +6 ring of strength (right hand)
 r - a ring of protection from fire (left hand)
Wands
 o - a wand of random effects (20/48)
Scrolls
 e - 2 scrolls of remove curse {unknown}
 i - a scroll of identify {unknown}
 n - a scroll of teleportation {unknown}
Potions
 b - a potion of cancellation
Comestibles
 f - a bread ration
 p - a royal jelly
 s - a meat ration


   Skills:
 + Level 2.5 Fighting
 * Level 5.7 Crossbows
 + Level 1.5 Armour
 + Level 2.1 Dodging
 - Level 0.8 Stealth


You had 4 spell levels left.
You didn't know any spells.

Dungeon Overview and Level Annotations

Branches:
Dungeon (2/15)

Altars:

Annotations:
D:2 Natasha


Innate Abilities, Weirdness & Mutations

You have a pair of small antennae on your head.
You are partially covered in large bone plates. (SH +4)
You are partially covered in sharp spines.


Message History

The magic dart hits you! Natasha barely misses you. Natasha claws you.
You are too injured to fight recklessly!
You are too injured to fight recklessly!
You are too injured to fight recklessly!
You are too injured to fight recklessly!
You are too injured to fight recklessly!
You barely miss Natasha.
Natasha is moderately wounded.
Natasha is struck by your spines. Natasha claws you but does no damage.
Natasha is struck by your spines. Natasha claws you.
You closely miss Natasha.
Natasha is severely wounded.
Natasha is struck by your spines. Natasha closely misses you.
Natasha claws you.
* * * LOW HITPOINT WARNING * * *
You closely miss Natasha.
Natasha is severely wounded.
Natasha mumbles some strange words.
Natasha is struck by your spines. Natasha claws you.
You die...

.....# #........(.#.#
.....####'########.#.#
.....##.......####.#.#
.....''.....>.'..#.#.#
.....##.......##.#.#.#
.#....'.......##.#.#.#
...).##.......##5#.#.#
.....###'#######h#.#.#
.....# #.#######@#.#.#
.....###.........#.#.#
.......÷.(.......#.#.#
##.####.)..........#.#
...<# #÷########†###.#
###.###.###### #.# #.#
#............# #.# #.#
#.#'###.####.# #.# #.#
#....##.# #.# #.# #.#


You could see Natasha and a crimson imp.

Vanquished Creatures
  Natasha (twice) (D:2)
  4 gnolls (D:2)
  8 adders (D:2)
  An ooze (D:1)
  2 worms (D:2)
  2 leopard geckos
  4 giant cockroaches
  4 hobgoblins
  3 jackals (D:2)
  2 quokkas (D:2)
  2 bats (D:1)
  4 frilled lizards (D:2)
  7 goblins
  A kobold (D:1)
  5 rats
51 creatures vanquished.

Notes
Turn   | Place    | Note
-------+----------+-------------------------------------------
     0 | D:1      | mgis the Demonspawn Hunter began the quest for the Orb.
     0 | D:1      | Reached XP level 1. HP: 16/16 MP: 1/1
   122 | D:1      | Reached skill level 4 in Crossbows
   399 | D:1      | Gained mutation: You are partially covered in sharp spines. [demonic ancestry]
   399 | D:1      | Reached XP level 2. HP: 22/22 MP: 2/2
  1025 | D:2      | Reached XP level 3. HP: 23/27 MP: 3/3
  1132 | D:2      | Gained mutation: You have a pair of small antennae on your head. [demonic ancestry]
  1132 | D:2      | Reached XP level 4. HP: 6/33 MP: 4/4
  1417 | D:2      | Reached skill level 5 in Crossbows
  1641 | D:2      | Noticed Natasha
  1651 | D:2      | Killed Natasha
  1651 | D:2      | Reached skill level 1 in Armour
  1992 | D:2      | Gained mutation: You are partially covered in large bone plates. (SH +4) [demonic ancestry]
  1992 | D:2      | Reached XP level 5. HP: 34/39 MP: 5/5
  2495 | D:2      | Noticed Natasha
  2500 | D:2      | Killed Natasha
  2581 | D:2      | Noticed Natasha
  2589 | D:2      | Slain by Natasha

Vault maps used:
D:1:      dpeg_arrival_prison
D:2:      uniq_natasha

Skill      XL: |  1  2  3  4 |
---------------+-------------+-----
Crossbows      | 4 5 |  5.7
Armour         | 1 |  1.5
Dodging        | 2 |  2.1
Fighting       | |  2.5
Stealth        | |  0.8

Action                   |  1- 3 |  4- 6 || total
-------------------------+-------+-------++-------
Melee: Short sword       |     6 |       ||     6
       Halberd           |       |    44 ||    44
       Dagger            |       |    26 ||    26
 Fire: Hand crossbow     |    61 |       ||    61
  Use: Potion            |     1 |       ||     1
  Eat: Chunk             |       |     5 ||     5
Armor: Ring mail         |     9 |    27 ||    36
       Leather armour    |     2 |       ||     2
Dodge: Dodged            |    26 |    36 ||    62
Block: Other             |       |     8 ||     8
